 Dungeon Crawl Stone Soup version 0.28.0-53-g5a82cb258f (webtiles) character file.

Game seed: 844098476585877049

143 issech the Skirmisher (level 5, 0/47 HPs)
             Began as a Minotaur Monk on June 6, 2022.
             Killed from afar by Natasha (8 damage)
             ... with a magic dart
             ... on level 2 of the Dungeon on June 7, 2022.
             The game lasted 00:06:35 (2865 turns).

issech the Skirmisher (Minotaur Monk)               Turns: 2865, Time: 00:06:35

Health: 0/47       AC:  0    Str: 16    XL:     5   Next: 4%
Magic:  0/4        EV: 22    Int:  7    God:
Gold:   75         SH:  0    Dex: 19    Spells: 4/4 levels left

rFire   . . .      SeeInvis .   (weapon currently unavailable)
rCold   . . .      Faith    .   (shield currently unavailable)
rNeg    . . .      Spirit   +   (armour currently unavailable)
rPois   .          Reflect  .   (helmet currently unavailable)
rElec   .          Harm     .   (cloak currently unavailable)
rCorr   .          Rampage  .   (gloves currently unavailable)
Will    .....                   (boots currently unavailable)
Stlth   ++........              g - amulet of guardian spirit
HPRegen 0.15/turn               (ring currently unavailable)
MPRegen 0.09/turn               (ring currently unavailable)

@: bat-form, flying, very quick
A: fast, flying, no casting, tiny, (horns 2), (retaliatory headbutt)
a: no special abilities


You were on level 2 of the Dungeon.
You were a bat.
You visited 1 branch of the dungeon, and saw 4 of its levels.

You collected 75 gold pieces.

Inventory:

Hand Weapons
 a - a +0 hand axe
 f - a +4 dagger (melded)
Missiles
 d - 8 poisoned darts (quivered)
 e - 103 stones
 n - 37 arrows
Armour
 h - a +0 cloak (melded)
 j - a +2 pair of boots (melded)
 o - a +0 ring mail
 u - a +0 scale mail (melded)
Jewellery
 g - an amulet of guardian spirit (around neck)
 s - a +6 ring of strength (melded)
 v - a ring of see invisible
Scrolls
 b - 3 scrolls of enchant weapon {unknown}
 i - a scroll of noise {unknown}
 m - 2 scrolls of identify {unknown}
 p - a scroll of immolation {unknown}
 q - a scroll of teleportation {unknown}
 r - a scroll of enchant armour {unknown}
Potions
 c - a potion of invisibility {unknown}
 k - a potion of attraction {unknown}
 l - a potion of curing {unknown}
 t - a potion of ambrosia {unknown}


   Skills:
 + Level 4.8 Fighting
 + Level 0.6 Short Blades
 + Level 4.3 Axes
 + Level 1.0 Armour
 + Level 4.4 Dodging
 + Level 2.2 Stealth


You had 4 spell levels left.
You didn't know any spells.
Your spell library was empty.

Dungeon Overview and Level Annotations

Branches:
Dungeon (4/15)
 Temple: D:4-7

Altars:

Shops:
D:2 (

Annotations:
D:2 Natasha


Innate Abilities, Weirdness & Mutations

You are a bat.
You are tiny and dextrous.
You move quickly.
You are flying.
Your equipment is almost entirely melded.
You are incapable of wielding weapons or throwing items.
You cannot cast spells.
((You have a pair of horns on your head.))
((You reflexively headbutt those who attack you in melee.))


Message History

The white imp is heavily wounded.
The white imp disappears in a puff of smoke!
Natasha casts a spell at you.
You feel yourself slow down.
Natasha mumbles some strange words.
Natasha's front paws start to glow.
Natasha zaps a wand.
You resist with some effort.
Natasha zaps a wand.
You turn into a bat.
Your +4 dagger melds into your body.
Your +0 cloak melds into your body.
Your +2 pair of boots melds into your body.
Your +0 scale mail melds into your body.
Your +6 ring of strength melds into your body.
You feel weaker. Natasha barely misses you.
You hit Natasha.
Natasha is lightly wounded.
Natasha wildly gestures.
You feel disoriented. Natasha claws you. Natasha misses you.
You hit Natasha but do no damage.
Natasha is lightly wounded.
Natasha misses you. Natasha closely misses you. Natasha misses you.
Natasha barely misses you. Natasha casts a spell at you.
The magic dart hits you! Natasha completely misses you.
Natasha howls an incantation.
Natasha shimmers violently.
Natasha stares at you and mumbles some strange words.
The magic dart hits you!
You feel yourself speed up. Natasha casts a spell at you.
The magic dart hits you!
* * * LOW HITPOINT WARNING * * *
You see here 6 gold pieces.
Natasha stares at you and mumbles some strange words.
The magic dart hits you!
You die...

##### ############# #...#
...........[# #.#.#
............##########.#.#
.........b$...h...........
............#.####.......#
..........♣♣♣.# #...♣.♣...
.........♣♣ ♣♣. #.♣.....♣.
.......!.♣ #.#........#
................♣
.#♣.......♣
........♣♣♣♣♣###♣
##........ .......♣
♣.......♣ .......♣
#........


You could see Natasha.

Vanquished Creatures
  An orc wizard (D:3)
  Natasha (D:2)
  5 adders
  A gnoll (D:1)
  A dart slug (D:1)
  3 bats
  3 endoplasms
  A giant cockroach (D:1)
  3 hobgoblins
  4 jackals (D:3)
  5 kobolds
  A quokka (D:1)
  2 ball pythons
  3 frilled lizards
  A goblin (D:1)
  3 rats
38 creatures vanquished.

Notes
Turn   | Place    | Note
-------+----------+-------------------------------------------
     0 | D:1      | issech the Minotaur Monk began the quest for the Orb.
     0 | D:1      | Reached XP level 1. HP: 19/19 MP: 0/0
   372 | D:1      | Reached XP level 2. HP: 18/27 MP: 1/1
  1227 | D:2      | Reached XP level 3. HP: 34/34 MP: 2/2
  1379 | D:2      | Found Ympum's Weapon Emporium.
  1430 | D:2      | Noticed Natasha
  1441 | D:2      | Killed Natasha
  1442 | D:2      | Reached XP level 4. HP: 20/41 MP: 1/3
  1636 | D:2      | Found a faded altar of an unknown god.
  1777 | D:2      | You fall into a shaft and drop 1 floor!
  2558 | D:3      | Reached skill level 1 in Armour
  2558 | D:3      | Reached XP level 5. HP: 21/47 MP: 2/4
  2781 | D:2      | Noticed Natasha
  2865 | D:2      | Killed from afar by Natasha

Illustrated notes

Levels and vault maps discovered:
D:1:      amcnicky_arrival_single_pillar, layout_basic,
          chequers_serial_rivers_micro_b
D:2:      layout_basic, serial_shops, shop,
          hellmonk_ecumenical_altar_slurped_away, serial_forest,
          infiniplex_forest_end_1, infiniplex_forest_end_1,
          infiniplex_forest_lined_ring, infiniplex_forest_clump_tiny,
          infiniplex_forest_straight_4, uniq_natasha
D:3:      layout_basic
D:4:      layout_gridville, mainiacjoe_overflow_alcove_1,
          grunt_temple_overflow_order_and_chaos_2, minmay_temple_entry_poolview,
          gammafunk_ghost_arena, grunt_decor_resistance, uniq_eustachio,
          uniq_pargi

Skill      XL: |  1  2  3  4 |
---------------+-------------+-----
Fighting       | 4 |  4.8
Axes           | 4 |  4.3
Dodging        | 4 |  4.4
Stealth        | 2 |  2.2
Armour         | 1 |  1.0
Short Blades   | |  0.6

Action                   |  1- 3 |  4- 6 || total
-------------------------+-------+-------++-------
Melee: Dagger            |    47 |    37 ||    84
       Hand axe          |     6 |       ||     6
       Headbutt          |     6 |     7 ||    13
       Punch             |     1 |     1 ||     2
       Unarmed           |       |     4 ||     4
 Stab: Sleeping          |       |     2 ||     2
Armor: Robe              |     7 |       ||     7
       Ring mail         |     5 |    12 ||    17
       Scale mail        |       |     9 ||     9
Dodge: Dodged            |    31 |    46 ||    77
